 Dungeon Crawl Stone Soup version 0.20-a0-553-gbaa0004 (webtiles) character file.

591704 Implojin the Slayer (level 24, -7/208 HPs)
             Began as a Cyno Chaos Knight on Feb 5, 2017.
             Killed by drain life
             ... invoked by a deathcap
             ... summoned by a curse toe
              (12 damage)
             ... on level 5 of the Realm of Zot.
             The game lasted 03:12:43 (61017 turns).

Implojin the Slayer (Cyno Chaos Knight)            Turns: 61017, Time: 03:12:44

Health: -7/208     AC: 27    Str: 27    XL:     24   Next: 97%
Magic:  30/30      EV: 23    Int: 14    God:    Xom [......]
Gold:   3174       SH: 29    Dex: 18    Spells: 5/37 levels left

rFire    + + +     SeeInvis +   a - +9 broad axe (chop)
rCold    + + +     Gourm    +   q - +0 shadow dragon scales of the Endless Lives {*Drain rC++ Slay+5 SInv Stlth++++}
rNeg     . . .     Faith    .   L - +8 large shield
rPois    .         Spirit   .   (helmet restricted)
rElec    +         Reflect  .   T - +2 cloak {+Inv}
rCorr    .         Harm     .   O - +2 pair of gloves {Str+3}
MR       +++..                  N - +0 pair of boots of the Blind Marksman {rF+}
Stlth    +++.......             b - amulet "Yheusm" {Gourm rElec rF+ Str+4}
Regen    0.3/turn               C - +6 ring of evasion
                                V - +2 ring of slaying

@: about to teleport
A: short attention span, beak, claws 1, hooves 1, horns 1, icy blue scales 1,
slimy green scales 1, cold resistance 2, deformed body, deterioration 2, fire
resistance 1, low mp 1, magic resistance 2, shaggy fur 2, electricity
resistance, slow regeneration 1, strong 2, strong nose 3
}: 3/15 runes: decaying, silver, gossamer
a: Renounce Religion, Evoke Invisibility


You were on level 5 of the Realm of Zot.
You worshipped Xom.
You were a very special plaything of Xom.
You were not hungry.

You visited 8 branches of the dungeon, and saw 46 of its levels.
You also visited: Labyrinth and Ice Cave.

You collected 6555 gold pieces.
You spent 3381 gold pieces at shops.

Inventory:

Hand Weapons
 a - a +9 broad axe of chopping (weapon)
 f - a +1 broad axe of pain
 F - the +5 broad axe "Jojydd" {distort, Str+6}
   (You found it on level 12 of the Dungeon)

   It warps and distorts space around it.
   Unwielding it can cause banishment or high damage.
   It affects your strength (+6).
Missiles
 c - 3 throwing nets (quivered)
Armour
 o - a +2 helmet of intelligence
 q - the +0 shadow dragon scales of the Endless Lives (worn) {*Drain rC++ Slay+5 SInv Stlth++++}
   (You found it on level 6 of the Lair of Beasts)

   It affects your accuracy and damage with ranged weapons and melee attacks
   (+5).
   It greatly protects you from cold.
   It lets you see invisible.
   It causes draining when unequipped.
   It makes you much more stealthy.
 w - +0 fire dragon scales
 L - a +8 large shield (worn)
 N - the +0 pair of boots of the Blind Marksman (worn) {rF+}
   (You bought it in a shop on level 10 of the Dungeon)

   It protects you from fire.
 O - a +2 pair of gloves of strength (worn)
 T - a +2 cloak of invisibility (worn)
Jewellery
 b - the amulet "Yheusm" (around neck) {Gourm rElec rF+ Str+4}
   (You took it off a vault warden on level 5 of the Vaults)

   [amulet of the gourmand]

   It allows you to eat raw meat even when not hungry.
   It affects your strength (+4).
   It protects you from fire.
   It insulates you from electricity.
 d - the ring of the Scavenger {rElec rPois MR+ Int+3 Dex+3}
   (You took it off a minotaur in a labyrinth)

   [ring of poison resistance]

   It affects your intelligence (+3).
   It affects your dexterity (+3).
   It insulates you from electricity.
   It protects you from poison.
   It affects your resistance to hostile enchantments.
 p - an uncursed ring of wizardry
 B - the ring of the Two Names {MR+ Str+4 Dex+3 Stlth+}
   (You found it on level 4 of the Depths)

   [ring of protection from magic]

   It affects your strength (+4).
   It affects your dexterity (+3).
   It affects your resistance to hostile enchantments.
   It makes you more stealthy.
 C - a +6 ring of evasion (right hand)
 V - a +2 ring of slaying (left hand)
 X - an uncursed ring of protection from fire
 Y - an uncursed ring of protection from cold
Wands
 G - a wand of digging (13/24)
 J - a wand of digging (6/24)
Scrolls
 e - 3 scrolls of enchant weapon
 g - 11 scrolls of immolation
 h - 3 scrolls of fog
 m - 12 scrolls of teleportation
 z - 2 scrolls of fear
 D - 2 scrolls of holy word
 E - a scroll of magic mapping
 H - 23 scrolls of remove curse
 I - 3 scrolls of summoning
 K - 3 scrolls of identify
 M - a scroll of enchant armour
 Q - 9 scrolls of recharging
Potions
 i - 4 potions of magic
 k - 7 potions of curing
 n - 2 potions of heal wounds
 r - 3 potions of flight
 s - 2 potions of berserk rage
 t - 3 potions of lignification
 v - 7 potions of ambrosia
 x - 2 potions of might
 y - 4 potions of agility
 P - 7 potions of cure mutation
 R - 4 potions of invisibility
 U - 3 potions of haste
 W - 3 potions of cancellation
 Z - a potion of resistance
Miscellaneous
 u - a box of beasts
Comestibles
 j - 18 royal jellies
 l - 28 fruits
 S - 24 bread rations


   Skills:
 - Level 21.0 Fighting
 * Level 20.3 Axes
 - Level 16.0 Armour
 - Level 15.0 Dodging
 - Level 15.0 Shields
 - Level 11.0 Unarmed Combat
 - Level 7.0 Spellcasting
 - Level 12.0 Charms
 - Level 10.0 Air Magic
 - Level 5.2 Evocations


You had 5 spell levels left.
You knew the following spells:

 Your Spells              Type           Power        Failure   Level  Hunger
a - Repel Missiles        Chrm/Air       #####.       3%          2    #......
b - Regeneration          Chrm/Necr      ###.......   52%         3    ##.....
c - Blink                 Tloc           N/A          100%        2    #......
d - Spectral Weapon       Hex/Chrm       ###.....     52%         3    ##.....
e - Shadow Creatures      Summ           N/A          100%        6    #######
f - Silence               Hex/Air        ###.......   100%        5    ######.
g - Darkness              Hex            #.........   100%        6    #######
h - Apportation           Tloc           #.....       99%         1    None
i - Animate Skeleton      Necr           N/A          99%         1    None
j - Swiftness             Chrm/Air       #####...     3%          2    #......
k - Summon Butterflies    Summ           #.......     99%         1    None


Dungeon Overview and Level Annotations

Branches:
Dungeon (15/15)            Temple (0/1) D:5            Lair (6/6) D:11
  Swamp (4/4) Lair:4       Spider (4/4) Lair:3        Slime (0/5) Lair:6
    Orc (2/2) D:9             Elf (0/3) Orc:2        Vaults (5/5) D:14
  Crypt (0/3) Vaults:2     Depths (5/5) D:15            Zot (5/5) Depths:5

Altars:
Ashenzari
Cheibriados
Fedhas
Gozag
Hepliaklqana
Makhleb
Qazlal
Ru
Trog
Uskayaw
Xom
Yredelemnul
Zin
The Shining One
Beogh

Shops:
D:10 [   D:14 %?%!   D:15 *   Orc:2 ([*?   Vaults:3 [   Depths:3 =

Portals:
Hell: Depths:1 Depths:2 Depths:3 Depths:4 Depths:5
Abyss: Depths:4
Pandemonium: Depths:1 Depths:3 Depths:5
Ziggurat: Depths:1
Trove: Depths:2 (give 6 potions of haste)

Annotations:
Depths:3 Xtahua
Zot:4 15 runed doors


Innate Abilities, Weirdness & Mutations

You have a short attention span.
You have an uncanny sense of smell.
You have a beak for a mouth.
You have sharp fingernails.
You have large cloven feet.
You have a pair of small horns on your head.
You are partially covered in icy blue scales. (AC +2)
You are partially covered in slimy green scales. (AC +2)
Your flesh is very cold resistant. (rC++)
Armour fits poorly on your strangely shaped body.
Your body often deteriorates upon taking damage.
Your flesh is heat resistant. (rF+)
Your magical capacity is low. (-10% MP)
You are highly resistant to hostile enchantments. (MR++)
You are covered in thick fur. (AC +2)
You are resistant to electric shocks. (rElec)
You regenerate slowly when monsters are visible.
Your muscles are very strong. (Str +4)


Message History

You resist with almost no effort.
Unknown command.
You slice the curse toe!!
The curse toe is severely damaged.
You slash the red draconian! You slice the Orb Guardian!!
You hit the Orb Guardian but do no damage.
You closely miss the red draconian. The Orb Guardian hits you!!
* * * LOW HITPOINT WARNING * * *
You block the Orb Guardian's attack.
The curse toe gestures.
The red draconian barely misses you. You block the red draconian's attack.
The Orb Guardian hits you!
* * * LOW HITPOINT WARNING * * *
The Orb Guardian barely misses you.
Unknown command.
Your blink will be uncontrolled - continue anyway? [Y]es or [N]o only, please.
Your blink will be uncontrolled - continue anyway? [Y]es or [N]o only, please.
Your blink will be uncontrolled - continue anyway? [Y]es or [N]o only, please.
Your blink will be uncontrolled - continue anyway?
Okay, then.
Unknown command.
Your blink will be uncontrolled - continue anyway?
The Orb prevents control of your translocation!
You blink.
As you read the scroll of blinking, it crumbles to dust.
The curse toe calls on the powers of darkness!
The red draconian convulses! x2; The Orb Guardian convulses!
The black draconian annihilator convulses!
The Orb Guardian convulses!
Your body is wracked with pain!
* * * LOW HITPOINT WARNING * * *
The white draconian shifter convulses!
The red draconian breathes flames at you.
The searing blast misses you.
The deathcap draws from the surrounding life force!
You die...
Xom guffaws!

,,,,,,,,......##....## ##
,,,,d,,,......^^..### #
,,,,.##▓▓▓▓▓#▓▓▓▓▓#
..............▓▓▓▓
.............^...▓##
..............q....## #
....§(..^...........# ▓▓▓▓▓▓▓▓▓ #
.........f.X.f......▓▓▓.......▓▓▓
...........f.X..@§..▓▓....._...▓▓
..........f§d.......▓...........▓
.....§.)..dfz.......(.....0......
.......§)...q.......▓...........▓
..........^.........▓▓......_..▓▓
.(..................▓▓▓.......▓▓▓
....................▓ ▓▓▓▓▓▓▓▓▓ ▓
.....)...).........▓▓ ▓
.................▓▓▓


You could see 2 draconians, a curse toe, a white draconian shifter, 2 Orb
Guardians, a black draconian annihilator, a deathcap and 4 wandering mushrooms.

Vanquished Creatures
  An ancient lich (Vaults:5)
  7 orbs of fire (Zot:5)
  A juggernaut (Depths:2)
  Margery (Vaults:5)
  the Lernaean hydra (Swamp:4)
  8 caustic shrikes
  3 curse toes
  2 Killer Klowns (Zot:5)
  7 golden dragons
  Jory (Vaults:2)
  Nikola (Spider:1)
  The ghost of kazak the Blocker, a veteran CyBe of Uskayaw (Depths:2)
  A doom hound (Vaults:5)
  2 electric golems (Zot:5)
  The ghost of fernweh the Fighter, an adept CyFi of the Shining One (Vaults:2)
  5 liches
  9 tentacled monstrosities
  22 Orb Guardians (Zot:5)
  Asterion (Vaults:1)
  5 titans
  4 quicksilver dragons
  3 death cobs (Zot:5)
  An ancient champion (Vaults:2)
  7 sphinxes
  4 shadow dragons
  A revenant (Vaults:2)
  7 storm dragons
  Kirke (D:14)
  5 tengu reavers
  The ghost of removeelyvilon the Martial Artist, an adept CyTm of Cheibriados (Swamp:3)
  4 draconian monks
  8 fire giants
  An iron dragon (Vaults:5)
  A draconian knight (Zot:1)
  12 frost giants
  12 vault wardens
  3 draconian shifters
  2 orc warlords (Orc:2)
  A draconian annihilator (Zot:5)
  5 ghost moths
  4 draconian stormcallers
  2 deep elf elementalists (Vaults:5)
  2 emperor scorpions (Spider:4)
  2 ghouls
  3 spriggan defenders
  14 ironheart preservers
  4 war gargoyles
  18 very ugly things
  19 stone giants
  3 entropy weavers
  3 vampire knights
  Nessos (D:14)
  2 deep elf annihilators
  4 deep elf demonologists
  A dire elephant (Lair:6)
  8 green draconians
  A lorocyproca (Depths:5)
  4 yellow draconians
  2 white draconians (Zot:5)
  3 black draconians (Zot:5)
  7 spark wasps
  3 red draconians
  7 purple draconians
  13 crystal guardians
  14 ettins
  A deep elf death mage (Vaults:4)
  2 blizzard demons (Depths:4)
  10 fire dragons
  A minotaur (Lab)
  9 ogre magi
  20 yaktaur captains
  2 deep elf high priests (Vaults:5)
  6 great orbs of eyes
  34 vault guards
  4 rakshasas
  A hell beast (Depths:3)
  19 hydras
  10 ice dragons
  2 ghost crabs
  3 spriggan air magi
  5 catoblepae
  The ghost of kazak the Destroyer, a journeyman CyFE of Lugonu (D:11)
  A satyr (shapeshifter) (Depths:4)
  2 death knights
  7 alligators
  13 centaur warriors
  An alligator (shapeshifter) (Vaults:4)
  A two-headed ogre (shapeshifter) (Vaults:5)
  An alligator snapping turtle (shapeshifter) (Depths:4)
  The ghost of GravitySqueeze the Fighter, a novice CyAr of Nemelex Xobeh (D:9)
  5 deep troll shamans
  15 dancing weapons
  33 two-headed ogres
  8 death yaks
  7 deep troll earth magi
  2 vampire magi
  7 spriggan berserkers
  A shock serpent (shapeshifter) (Depths:1)
  3 tengu warriors
  4 orc high priests (Orc:2)
  2 sun demons
  A soul eater (Depths:1)
  15 spriggans
  2 sixfirhies
  5 deep elf knights
  A fire crab (Lair:6)
  2 skeletal warriors (D:13)
  9 hell knights
  3 unseen horrors
  29 deep trolls
  5 wizards
  3 unseen horrors (shapeshifter)
  2 spriggan druids (Swamp:2)
  8 glowing orange brains
  A deep troll (shapeshifter) (Vaults:5)
  2 orange crystal statues
  14 swamp dragons
  3 shambling mangroves
  2 flayed ghosts
  4 obsidian statues
  10 ironbrand convokers
  10 necromancers
  A tengu zombie (Vaults:3)
  16 orc knights
  3 deep elf archers
  3 phantasmal warriors
  A lindwurm (shapeshifter) (Vaults:5)
  A mana viper (shapeshifter) (Depths:2)
  An orb spider (shapeshifter) (D:9)
  15 orb spiders
  A shadow demon (Depths:1)
  15 deep elf magi
  An oklob plant (Lair:6)
  A lindwurm (Lair:6)
  A frost giant zombie (Vaults:3)
  11 harpies
  The ghost of Gorgondantess the Cudgeler, a novice CySk of Okawaru (D:6)
  68 ugly things
  A tengu skeleton (Vaults:3)
  A cyclops (shapeshifter) (Depths:4)
  3 human zombies
  2 manticores (Lair:6)
  A salamander (D:15)
  27 wolf spiders
  5 orc sorcerers
  2 elephants (Lair:6)
  A faun (Depths:3)
  6 cyclopes
  18 vault sentinels
  An elephant (shapeshifter) (Depths:4)
  4 moths of wrath
  2 torpor snails
  A centaur zombie (D:15)
  A rust devil (Depths:3)
  A frost giant skeleton (Vaults:5)
  4 molten gargoyles (Depths:4)
  Maurice (Orc:2)
  4 black mambas
  An ice statue (IceCv)
  15 spiny frogs
  5 orange demons
  An eye of devastation (Swamp:4)
  The ghost of useraccount the Poker, a novice CySk (D:5)
  7 gargoyles
  3 rime drakes
  A yaktaur (shapeshifter) (Vaults:4)
  A hellwing (Depths:5)
  A rime drake (shapeshifter) (Vaults:5)
  73 yaktaurs
  2 kobold demonologists (D:15)
  2 ice devils (Depths:1)
  5 komodo dragons
  8 freezing wraiths
  3 tengu conjurers
  An efreet (D:15)
  5 demonic crawlers
  A queen bee (Spider:1)
  22 jumping spiders
  3 merfolk (shapeshifter)
  A polar bear (shapeshifter) (Vaults:1)
  3 meliai (Spider:1)
  A troll (shapeshifter) (Vaults:3)
  10 polar bears (IceCv)
  A merfolk (Depths:3)
  3 trolls
  4 wind drakes
  A wind drake (shapeshifter) (Vaults:4)
  A slime creature (shapeshifter) (Depths:4)
  2 tyrant leeches
  A raiju (shapeshifter) (Vaults:5)
  2 blink frogs (shapeshifter)
  4 bog bodies
  27 hornets
  51 slime creatures
  2 dream sheep (Lair:6)
  A dream sheep (shapeshifter) (Depths:3)
  25 blink frogs
  13 hippogriffs
  A stone giant simulacrum (Vaults:5)
  A ynoxinul (Depths:3)
  25 tarantellas
  A wandering mushroom (Lair:6)
  60 redbacks
  A wyvern (shapeshifter) (Depths:4)
  4 shadows
  3 wraiths
  A yak (shapeshifter) (Depths:4)
  6 water elementals (Depths:4)
  7 fire elementals (Depths:4)
  56 yaks
  13 air elementals
  3 wyverns
  7 hogs (D:14)
  4 basilisks
  17 humans (D:14)
  20 vampire mosquitoes
  5 hungry ghosts
  A chaos spawn (Depths:5)
  5 wargs
  A deep troll zombie (Vaults:3)
  14 insubstantial wisps
  A spatial vortex (D:14)
  17 swamp worms
  2 swamp worms (shapeshifter)
  A soldier ant (shapeshifter) (Vaults:1)
  2 soldier ants (D:15)
  13 water moccasins
  An ogre skeleton (Vaults:1)
  Duvessa (D:7)
  11 porcupines
  A floating eye (Depths:3)
  A floating eye (shapeshifter) (Depths:4)
  10 ice beasts
  An elf simulacrum (Vaults:5)
  An eye of draining (Swamp:3)
  6 sky beasts
  14 swamp drakes
  A black bear (D:6)
  An ettin simulacrum (Vaults:3)
  52 orc warriors
  An orc zombie (Vaults:1)
  31 ogres
  5 boggarts
  25 wolves
  An orc skeleton (Vaults:1)
  20 centaurs
  15 crocodiles
  3 big kobolds
  A big kobold (shapeshifter) (Depths:3)
  Blork the orc (D:4)
  A bullfrog (shapeshifter) (Vaults:5)
  18 bullfrogs
  10 earth elementals (Depths:4)
  Dowan (D:7)
  8 scorpions
  32 killer bees
  3 wights (D:12)
  4 howler monkeys
  7 electric eels
  2 bullfrog zombies
  18 crimson imps
  2 quasits
  4 centaur skeletons
  3 hounds
  6 jellies
  Crazy Yiuf (D:6)
  A bullfrog skeleton (D:9)
  27 orc priests
  3 iron imps
  6 iguanas
  27 orc wizards
  10 worker ants
  A killer bee zombie (D:7)
  2 human simulacra (D:14)
  A hound skeleton (D:7)
  2 worker ant zombies (D:5)
  Robin (D:4)
  4 gnolls (D:6)
  20 adders
  A river rat (D:9)
  9 shadow imps
  3 white imps
  6 oozes
  2 adder zombies (D:8)
  5 worms
  2 ball lightnings (Depths:4)
  A dart slug (D:5)
  5 leopard geckos
  A leopard gecko (shapeshifter) (Depths:4)
  101 orcs
  2 ball pythons
  5 bats
  5 giant cockroaches
  18 goblins
  14 hobgoblins
  4 jackals
  5 quokkas
  4 frilled lizards
  A giant cockroach zombie (D:6)
  25 kobolds
  11 rats
  A butterfly (Lair:4)
  A fire vortex (D:14)
  6 fungi
  2 plants
2183 creatures vanquished.

Vanquished Creatures (collateral kills)
  Jorgrun (Depths:4)
  A tentacled monstrosity (Vaults:5)
  A lich (Vaults:5)
  A titan (Vaults:5)
  A tengu reaver (Depths:3)
  A frost giant (Vaults:5)
  An ettin (Vaults:5)
  A hydra (Lair:5)
  A vault guard (Vaults:2)
  5 two-headed ogres
  A hell knight (Vaults:5)
  A sea snake (shapeshifter) (Vaults:5)
  2 ironbrand convokers (Vaults:5)
  2 harpies
  A glowing orange brain (Vaults:2)
  An orc knight (Vaults:5)
  A phantasmal warrior (Vaults:5)
  2 orb spiders
  4 ugly things
  A sphinx skeleton (Vaults:5)
  A jumping spider (Spider:1)
  A slime creature (Depths:3)
  A hippogriff (Lair:1)
  A frost giant simulacrum (Vaults:2)
  A yak (Lair:1)
  An orc warrior (Orc:2)
  A centaur (D:15)
  An ogre (Vaults:2)
  A bullfrog (Lair:1)
  An orc priest (Orc:2)
  An adder (D:8)
  2 orcs
43 creatures vanquished.

Vanquished Creatures (others)
  Rupert (D:14)
  The ghost of shpingle the Zephyrmancer, an adept CyWn of Vehumet (Orc:2)
  2 fire giants
  3 emperor scorpions (Spider:4)
  A dire elephant (D:15)
  2 yaktaur captains (Vaults:5)
  A rakshasa (Depths:3)
  2 hydras
  4 centaur warriors
  2 two-headed ogres
  3 dancing weapons
  A skeletal warrior (D:13)
  A deep elf archer (Vaults:3)
  An orb spider (Spider:1)
  2 orc knights (Orc:2)
  A necromancer (D:14)
  2 ugly things
  3 wolf spiders
  3 cyclopes
  A manticore (D:15)
  2 torpor snails
  A centaur zombie (D:11)
  A centaur skeleton (D:15)
  A komodo dragon (D:14)
  5 demonic crawlers
  6 yaktaurs
  4 polar bears (IceCv)
  2 tyrant leeches
  4 jumping spiders
  2 hornets
  5 yaks
  5 redbacks
  5 humans (D:14)
  2 tarantellas
  A water elemental (Depths:4)
  A golden eye (shapeshifter) (Depths:4)
  A warg (Orc:1)
  A swamp worm (Swamp:1)
  2 orc warriors
  2 swamp drakes
  2 ogres
  A boggart (Depths:3)
  7 centaurs
  2 killer bees
  A scorpion (D:5)
  2 wights (D:12)
  An orc priest (D:12)
  2 orc wizards (Orc:2)
  10 ball lightnings
  6 orcs (Orc:2)
  2 kobolds
  9 fungi
  8 plants
143 creatures vanquished.

Grand Total: 2369 creatures vanquished

Notes
Turn   | Place    | Note
-------+----------+-------------------------------------------
     0 | D:1      | Implojin the Cyno Chaos Knight began the quest for the Orb.
     0 | D:1      | Reached XP level 1. HP: 19/19 MP: 1/1
    27 | D:1      | XOM: divination: detect items
   491 | D:1      | XOM: divination: detect creatures
   555 | D:1      | Reached XP level 2. HP: 25/25 MP: 2/2
   783 | D:2      | Reached skill level 5 in Unarmed Combat
   930 | D:2      | XOM: confuse monster(s)
   969 | D:2      | XOM: divination: detect items
   973 | D:2      | XOM: harmless Tmut miscast
   980 | D:2      | XOM: mild Fire miscast
   983 | D:2      | Reached skill level 5 in Fighting
   983 | D:2      | Reached XP level 3. HP: 13/33 MP: 3/3
  1666 | D:2      | XOM is BORED!
  1666 | D:2      | XOM: silly message
  1906 | D:3      | XOM: confuse monster(s)
  2218 | D:3      | Reached XP level 4. HP: 38/40 MP: 4/4
  2418 | D:3      | Noticed a water elemental
  2422 | D:3      | Noticed an air elemental
  2425 | D:3      | Found a stormy altar of Qazlal.
  2427 | D:3      | Noticed a fire elemental
  2427 | D:3      | Noticed an earth elemental
  2554 | D:3      | XOM: scenery: create altars
  2569 | D:3      | Reached skill level 6 in Fighting
  2600 | D:3      | XOM is BORED!
  2600 | D:3      | XOM: medium Necr miscast
  2601 | D:3      | Noticed a shadow
  2601 | D:3      | Noticed a shadow
  2615 | D:2      | XOM: smoke on damage
  2711 | D:2      | XOM: harmless Air miscast
  3282 | D:4      | Noticed Blork the orc
  3556 | D:4      | Gained mutation: You possess an exceptional clarity of mind. [potion of beneficial mutation]
  3562 | D:4      | XOM: enchant monster (good)
  3570 | D:4      | Killed Blork the orc
  3570 | D:4      | Reached XP level 5. HP: 47/47 MP: 5/5
  3573 | D:4      | Noticed Robin
  3584 | D:3      | XOM: scenery: create altars
  3631 | D:3      | XOM: god gift: bread ration
  3664 | D:3      | Reached skill level 6 in Unarmed Combat
  3752 | D:4      | Killed Robin
  3912 | D:4      | Found a shattered altar of Ashenzari.
  4073 | D:4      | Found an opulent altar of Gozag.
  4078 | D:4      | XOM: god gift: glowing silver wand {god gift}
  4086 | D:4      | Reached skill level 7 in Fighting
  4086 | D:4      | Reached XP level 6. HP: 38/55 MP: 6/6
  4288 | D:3      | XOM: cast spell 'Leda's Liquefaction'
  4292 | D:3      | XOM: polymorph orc warrior -> crocodile
  4589 | D:4      | XOM: cloud trail
  4644 | D:5      | Entered Level 5 of the Dungeon
  4658 | D:5      | XOM: fake destruction
  4660 | D:5      | XOM: smoke on damage
  4660 | D:5      | XOM: divine lightning
  4661 | D:5      | XOM: scenery: 1 doors open, 1 doors close
  4993 | D:5      | Reached skill level 7 in Unarmed Combat
  5321 | D:3      | XOM: god gift: bronze wand {god gift}
  5423 | D:5      | Found a staircase to the Ecumenical Temple.
  5557 | D:5      | Found a snail-covered altar of Cheibriados.
  5584 | D:5      | Reached XP level 7. HP: 60/60 MP: 7/7
  5601 | D:5      | Found an opulent altar of Gozag.
  5663 | D:5      | XOM: summons friendly white imp
  5675 | D:5      | Reached skill level 2 in Dodging
  5717 | D:5      | Noticed useraccount's ghost (novice CySk)
  5717 | D:5      | XOM: cleaving
  5718 | D:5      | XOM: summons friendly crimson imp
  5721 | D:5      | Reached skill level 3 in Dodging
  5721 | D:5      | XOM: confuse monster(s)
  5728 | D:5      | XOM: 1-stop teleportation journey
  5782 | D:5      | Killed useraccount's ghost
  5782 | D:5      | Reached skill level 5 in Dodging
  5894 | D:5      | Reached skill level 3 in Armour
  6004 | D:5      | XOM: god gift: 41 gold pieces
  6415 | D:6      | Reached skill level 4 in Armour
  6569 | D:6      | XOM: smoke on damage
  6577 | D:5      | Reached skill level 5 in Armour
  6584 | D:5      | Reached skill level 1 in Shields
  6640 | D:6      | Reached XP level 8. HP: 48/67 MP: 8/8
  6645 | D:6      | Reached skill level 2 in Shields
  6748 | D:6      | Reached skill level 3 in Shields
  6859 | D:6      | XOM: noise
  6870 | D:6      | Reached skill level 4 in Shields
  7034 | D:6      | Reached skill level 5 in Shields
  7105 | D:6      | Reached skill level 2 in Evocations
  7152 | D:6      | Reached skill level 3 in Evocations
  7189 | D:6      | Reached skill level 4 in Evocations
  7262 | D:6      | Reached skill level 5 in Evocations
  7315 | D:6      | Noticed Gorgondantess's ghost (novice CySk)
  7340 | D:6      | XOM: enchant monster (good)
  7357 | D:6      | XOM: enchant monster (good)
  7390 | D:6      | Found a shimmering altar of Xom.
  7393 | D:6      | Found a hazy altar of Hepliaklqana.
  7517 | D:6      | Noticed a spectral ugly thing
  7556 | D:6      | Found a bloodstained altar of Trog.
  7693 | D:6      | XOM: harmless Summ miscast
  7708 | D:6      | Killed Gorgondantess's ghost
  7708 | D:6      | Reached skill level 8 in Unarmed Combat
  7804 | D:6      | Found a runed door.
  7808 | D:6      | Noticed Crazy Yiuf
  7837 | D:6      | Killed Crazy Yiuf
  7837 | D:6      | Reached skill level 9 in Unarmed Combat
  8021 | D:7      | Found a glowing golden altar of the Shining One.
  8179 | D:7      | XOM: confuse monster(s)
  8184 | D:7      | Reached XP level 9. HP: 74/74 MP: 12/12
  8196 | D:7      | Reached skill level 8 in Fighting
  8209 | D:7      | XOM: cast spell 'Leda's Liquefaction'
  8241 | D:7      | XOM: mild Summ miscast
  8334 | D:7      | XOM: harmless Ice miscast
  8398 | D:7      | Noticed Duvessa
  8402 | D:7      | Noticed Dowan
  8410 | D:7      | XOM: give mutations
  8410 | D:7      | Gained mutation: You are weak. (Str -2) [Xom's mischief]
  8410 | D:7      | Gained mutation: Scrolls take you a little longer to read. [Xom's mischief]
  8420 | D:7      | Killed Duvessa
  8450 | D:7      | XOM: harmless Summ miscast
  8462 | D:7      | XOM: summons 4 hostile demons
  8629 | D:7      | Killed Dowan
  8629 | D:7      | Reached skill level 9 in Fighting
  8743 | D:7      | XOM: scenery: 1 doors close
  8838 | D:8      | Found a hide-covered altar of Uskayaw.
  8931 | D:8      | Noticed a two-headed ogre
  8944 | D:8      | Killed a two-headed ogre
  8944 | D:8      | Reached skill level 7 in Armour
  9129 | D:8      | XOM: 4-stop teleportation journey
  9216 | D:8      | Reached skill level 8 in Armour
  9227 | D:8      | XOM: 3-stop teleportation journey
  9275 | D:8      | XOM: 2-stop teleportation journey
  9277 | D:8      | XOM: enchant monster (good)
  9293 | D:8      | XOM: blink monster(s)
  9399 | D:8      | Noticed a two-headed ogre
  9402 | D:8      | XOM: mild Tloc miscast
  9420 | D:8      | XOM: fake destruction
  9421 | D:8      | Killed a two-headed ogre
  9507 | D:8      | XOM: harmless Erth miscast
  9508 | D:8      | Reached skill level 10 in Fighting
  9525 | D:8      | XOM: summons 2 hostile demons
  9890 | D:9      | Noticed an orb spider
  9890 | D:9      | a troll changed into an orb spider
  9890 | D:9      | XOM: polymorph troll -> orb spider
  9892 | D:9      | Killed an orb spider
  9892 | D:9      | Reached XP level 10. HP: 81/86 MP: 13/13
  9913 | D:9      | XOM: destruction
  9914 | D:9      | XOM: divination: detect items
  9920 | D:9      | XOM: fake destruction
  9965 | D:9      | Found a sacrificial altar of Ru.
  9965 | D:9      | Noticed a two-headed ogre
  9966 | D:9      | XOM: summons friendly iron imp
  9967 | D:9      | Noticed a two-headed ogre
  9987 | D:9      | Killed a two-headed ogre
  9987 | D:9      | Reached skill level 11 in Fighting
  9988 | D:9      | Killed a two-headed ogre
 10202 | D:9      | XOM: god gift: 55 gold pieces
 10218 | D:9      | You fall through a shaft!
 10218 | D:10     | Entered Level 10 of the Dungeon
 10224 | D:9      | Found a staircase to the Orcish Mines.
 10226 | D:9      | Noticed GravitySqueeze's ghost (novice CyAr)
 10233 | D:9      | XOM: polymorph howler monkey -> river rat
 10244 | D:9      | XOM: blink monster(s)
 10267 | D:9      | XOM: enchant monster (good)
 10278 | D:9      | Killed GravitySqueeze's ghost
 10309 | D:9      | Reached skill level 10 in Unarmed Combat
 10313 | D:9      | Got a steaming leather armour
 10492 | D:9      | Found a basalt altar of Yredelemnul.
 10566 | D:9      | XOM: noise
 10851 | D:10     | Noticed a two-headed ogre
 10853 | D:10     | XOM: harmless Hex miscast
 10868 | D:10     | Killed a two-headed ogre
 10900 | D:10     | XOM: potion effect (curing)
 11074 | D:10     | Noticed a two-headed ogre
 11079 | D:10     | XOM: potion effect (invisibility)
 11098 | D:10     | Killed a two-headed ogre
 11175 | D:10     | XOM: give mutation
 11175 | D:10     | Gained mutation: You are resistant to hostile enchantments. (MR+) [Xom's grace]
 11741 | D:10     | Found Athroar's Antique Armour Emporium.
 11747 | D:10     | Bought a pair of ichor-stained boots for 332 gold pieces
 11758 | D:10     | Identified the +0 pair of boots of the Blind Marksman {rF+} (You bought it in a shop on level 10 of the Dungeon)
 11886 | D:10     | Found a glowing silver altar of Zin.
 11916 | D:10     | Reached skill level 11 in Unarmed Combat
 11935 | D:10     | XOM: scenery: create altars
 12054 | D:10     | Gained mutation: You have a very good sense of smell. [Cyno growth]
 12054 | D:10     | Reached XP level 11. HP: 93/93 MP: 14/14
 12148 | D:11     | XOM: polymorph hornet -> sky beast
 12180 | D:11     | Found a staircase to the Lair.
 12268 | D:11     | Reached skill level 6 in Shields
 12418 | D:11     | XOM: cleaving
 12442 | D:11     | XOM: polymorph worker ant -> ooze
 12631 | D:11     | XOM: god gift: 40 gold pieces
 12737 | D:11     | Noticed a two-headed ogre
 12737 | D:11     | XOM: 1-stop teleportation journey
 12804 | D:11     | Reached skill level 7 in Shields
 12881 | D:11     | Noticed kazak's ghost (journeyman CyFE)
 12914 | D:11     | XOM: divine lightning (protected)
 12957 | D:11     | XOM: divine lightning (protected)
 12958 | D:11     | Killed a two-headed ogre
 12989 | D:11     | XOM: 3-stop teleportation journey
 13060 | D:11     | XOM: scenery: 1 doors close
 13082 | D:11     | Killed kazak's ghost
 13082 | D:11     | Reached skill level 8 in Shields
 13106 | D:11     | XOM: confuse monster(s)
 13152 | D:11     | XOM: give mutations
 13152 | D:11     | Lost mutation: Scrolls take you a little longer to read. [Xom's mischief]
 13152 | D:11     | Gained mutation: You are clumsy. (Dex -2) [Xom's mischief]
 13152 | D:11     | Gained mutation: You occasionally shout uncontrollably at your foes. [Xom's mischief]
 13353 | D:11     | XOM: harmless Divn miscast
 13457 | Lair:1   | XOM: stealth player
 13457 | Lair:1   | Entered Level 1 of the Lair of Beasts
 13545 | Lair:1   | Reached skill level 9 in Shields
 13820 | Lair:1   | XOM: 1-stop teleportation journey
 13824 | Lair:1   | Noticed an eight-headed hydra
 13824 | Lair:1   | XOM: mild Hex miscast
 13830 | Lair:1   | Killed an eight-headed hydra
 13838 | Lair:1   | Reached skill level 10 in Shields
 13916 | Lair:1   | XOM: medium Air miscast
 13938 | Lair:1   | XOM: swap monsters
 13993 | Lair:1   | XOM: severe Divn miscast
 14024 | Lair:1   | XOM: mild Air miscast
 14270 | Lair:1   | XOM: mild Air miscast
 14311 | Lair:1   | XOM: potion effect (curing)
 14377 | Lair:1   | XOM: smoke on damage
 14377 | Lair:1   | XOM: potion effect (might)
 14379 | Lair:1   | Reached skill level 9 in Armour
 14386 | Lair:1   | XOM: cast spell 'Cause Fear'
 14544 | Lair:1   | XOM: blink monster(s)
 14547 | Lair:1   | XOM: divination: detect creatures
 14577 | Lair:1   | XOM: scenery: create altars
 14583 | Lair:1   | XOM: summons 8 friendly demons
 14590 | Lair:1   | XOM: enchant monster (bad)
 14596 | Lair:1   | XOM: polymorph water moccasin -> basilisk
 14604 | Lair:1   | XOM: divination: magic mapping
 14628 | Lair:1   | Gained mutation: You are very weak. (Str -4) [mutagenic glow]
 14860 | Lair:1   | Noticed a fire dragon
 14871 | Lair:1   | XOM: swap monsters
 14879 | Lair:1   | XOM: enchant monster (bad)
 14884 | Lair:1   | XOM: butterfly on damage
 14891 | Lair:1   | XOM: noise
 15075 | Lair:1   | XOM: harmless Tloc miscast
 15378 | Lair:2   | XOM: enchant monster (good)
 15408 | Lair:2   | Identified the +5 leather armour of Indomitability {rN++ Dex+4 SInv} (You took it off a kobold on level 9 of the Dungeon)
 15507 | Lair:2   | Found a labyrinth entrance.
 15530 | Lair:2   | Reached skill level 10 in Armour
 15583 | Lab      | Entered a labyrinth
 15711 | Lab      | XOM: swap monsters
 15750 | Lab      | XOM: 2-stop teleportation journey
 15776 | Lab      | Noticed a minotaur
 15777 | Lab      | XOM: enchant monster (good)
 15785 | Lab      | XOM: summons friendly ufetubus
 15825 | Lab      | XOM: potion effect (might)
 15835 | Lab      | Got a transparent war axe
 15864 | Lab      | XOM: 2-stop teleportation journey
 15919 | Lab      | XOM: harmless Fire miscast
 16119 | Lab      | Killed a minotaur
 16119 | Lab      | Reached skill level 12 in Fighting
 16119 | Lab      | Reached XP level 12. HP: 36/102 MP: 15/15
 16121 | Lab      | Got a scorched wooden ring
 16382 | Lair:2   | Identified the +8 war axe of Wuomopam {freeze, +Rage rF+ Dex+4} (You found it in a labyrinth)
 16554 | Lair:2   | Reached skill level 1 in Axes
 16556 | Lair:2   | Reached skill level 2 in Axes
 16619 | Lair:2   | Reached skill level 3 in Axes
 16805 | Lair:2   | XOM: stat loss: -1 Dex (19/20)
 17061 | Lair:2   | Reached skill level 4 in Axes
 17159 | Lair:3   | XOM: harmless Pois miscast
 17162 | Lair:3   | Reached skill level 5 in Axes
 17190 | Lair:3   | XOM: noise
 17192 | Lair:3   | Reached skill level 6 in Axes
 17274 | Lair:3   | XOM: noise
 17324 | Lair:3   | Reached skill level 7 in Axes
 17338 | Lair:3   | Found a hole to the Spider Nest.
 17457 | Lair:3   | XOM: mild Necr miscast
 17538 | Lair:3   | XOM: summons 6 hostile demons
 17702 | Lair:3   | XOM: polymorph komodo dragon -> moth of wrath
 18007 | Lair:3   | Reached skill level 8 in Axes
 18122 | Lair:3   | XOM: give mutations
 18122 | Lair:3   | Gained mutation: Your body sometimes deteriorates upon taking damage. [Xom's mischief]
 18122 | Lair:3   | Gained mutation: Your spells are a little easier to cast, but a little less powerful. [Xom's mischief]
 18122 | Lair:3   | Lost mutation: You are very weak. (Str -4) [Xom's mischief]
 18259 | Lair:3   | Learned a level 3 spell: Spectral Weapon
 18263 | Lair:3   | Learned a level 3 spell: Regeneration
 18476 | Lair:3   | XOM: summons 4 hostile demons
 18485 | Lair:3   | XOM: polymorph ice devil -> rust devil
 18725 | Lair:4   | Found a staircase to the Swamp.
 18740 | Lair:4   | Noticed a catoblepas
 18747 | Lair:4   | XOM: enchant monster (bad)
 18751 | Lair:4   | Killed a catoblepas
 18994 | Lair:4   | Reached skill level 9 in Axes
 19053 | Lair:4   | Noticed a five-headed hydra
 19056 | Lair:4   | XOM: mild Necr miscast
 19064 | Lair:4   | XOM: cleaving
 19065 | Lair:4   | XOM: enchant monster (good)
 19069 | Lair:4   | XOM: summons 5 friendly demons
 19076 | Lair:4   | Killed a five-headed hydra
 19177 | Lair:4   | XOM: harmless Summ miscast
 19284 | Lair:4   | Identified the ring of the Scavenger {rElec rPois MR+ Int+3 Dex+3} (You took it off a minotaur in a labyrinth)
 19497 | Lair:5   | Reached skill level 10 in Axes
 19499 | Lair:5   | Noticed an eight-headed hydra
 19501 | Lair:5   | XOM: 2-stop teleportation journey
 19504 | Lair:5   | XOM: harmless Chrm miscast
 19573 | Lair:5   | XOM: 7-stop teleportation journey
 19652 | Lair:5   | Noticed a five-headed hydra
 19668 | Lair:6   | Entered Level 6 of the Lair of Beasts
 19670 | Lair:6   | XOM: noise
 19671 | Lair:6   | Noticed a seven-headed hydra
 19687 | Lair:6   | Found a staircase to the Slime Pits.
 19690 | Lair:6   | XOM: confuse monster(s)
 19712 | Lair:6   | XOM: blink monster(s)
 19722 | Lair:5   | XOM: potion effect (curing)
 20032 | Lair:5   | XOM: divination: magic mapping
 20129 | Lair:5   | Killed a five-headed hydra
 20129 | Lair:5   | Reached skill level 11 in Axes
 20366 | Lair:6   | XOM: potion effect (haste)
 20368 | Lair:6   | Reached XP level 13. HP: 108/108 MP: 16/16
 20371 | Lair:6   | XOM: potion effect (invisibility)
 20429 | Lair:5   | XOM: summons friendly shadow imp
 20558 | Lair:5   | XOM: polymorph shadow imp -> ufetubus
 20633 | Lair:6   | XOM: polymorph seven-headed hydra -> fire dragon
 20634 | Lair:6   | XOM: fake destruction
 20640 | Lair:5   | XOM: noise
 20641 | Lair:5   | XOM: summons friendly crimson imp
 20703 | Lair:5   | XOM: silly message
 20811 | Lair:5   | Reached skill level 12 in Axes
 21021 | Lair:6   | XOM: divination: magic mapping
 21030 | Lair:6   | XOM: divination: magic mapping
 21107 | Lair:6   | XOM: potion effect (invisibility)
 21123 | Lair:6   | XOM: potion effect (agility)
 21140 | Lair:6   | XOM: cleaving
 21265 | Lair:6   | XOM: scenery: create altars
 21488 | Lair:6   | Reached skill level 13 in Axes
 21686 | Lair:6   | Noticed a dire elephant
 21692 | Lair:6   | XOM: summons friendly quasit
 21700 | Lair:6   | a dire elephant changed into a death yak
 21700 | Lair:6   | XOM: polymorph dire elephant -> death yak
 21894 | Lair:6   | XOM: cast spell 'Statue Form'
 21926 | Lair:6   | Noticed a dire elephant
 21937 | Lair:6   | Killed a dire elephant
 21973 | Lair:6   | XOM: give mutations
 21973 | Lair:6   | Gained mutation: You are highly resistant to hostile enchantments. (MR++) [Xom's grace]
 21973 | Lair:6   | Gained mutation: You are partially covered in slimy green scales. (AC +2) [Xom's grace]
 21973 | Lair:6   | Gained mutation: You are robust. (+10% HP) [Xom's grace]
 21973 | Lair:6   | Gained mutation: You are resistant to electric shocks. (rElec) [Xom's grace]
 22201 | Lair:6   | Got jewelled shadow dragon scales
 22226 | Lair:6   | Identified the cursed +0 shadow dragon scales of the Endless Lives {*Drain rC++ Slay+5 SInv Stlth++++} (You found it on level 6 of the Lair of Beasts)
 22273 | Lair:6   | XOM: give mutations
 22273 | Lair:6   | Gained mutation: You are extremely resistant to the effects of hostile enchantments. (MR+++) [Xom's grace]
 22273 | Lair:6   | Gained mutation: You are very robust. (+20% HP) [Xom's grace]
 22273 | Lair:6   | Gained mutation: Your mind is acute. (Int +2) [Xom's grace]
 22423 | Lair:6   | XOM: polymorph oklob plant -> wandering mushroom
 22714 | Lair:4   | XOM: enchant monster (bad)
 22718 | Lair:4   | Reached skill level 14 in Axes
 22814 | Lair:1   | XOM: polymorph blink frog -> shapeshifter
 22972 | Lair:1   | XOM: give mutations
 22972 | Lair:1   | Lost mutation: Your body sometimes deteriorates upon taking damage. [Xom's mischief]
 22972 | Lair:1   | Lost mutation: You are weak. (Str -2) [Xom's mischief]
 22972 | Lair:1   | Lost mutation: You possess an exceptional clarity of mind. [Xom's mischief]
 22972 | Lair:1   | Lost mutation: You are clumsy. (Dex -2) [Xom's mischief]
 23116 | D:12     | XOM: harmless Air miscast
 23125 | D:12     | XOM: enchant monster (bad)
 23146 | D:12     | Got a bloodstained broad axe
 23147 | D:12     | Identified the +5 broad axe "Jojydd" {distort, Str+6} (You found it on level 12 of the Dungeon)
 23200 | D:12     | XOM: scenery: create altars
 23204 | D:12     | XOM: cast spell 'Summon Butterflies'
 23247 | D:12     | XOM: destruction
 23364 | D:12     | XOM: destruction
 23368 | D:12     | XOM: enchant monster (good)
 23372 | D:12     | XOM: enchant monster (good)
 23441 | D:12     | XOM: swap monsters
 23519 | D:12     | Reached XP level 14. HP: 131/138 MP: 17/17
 23674 | D:12     | XOM: summons 5 hostile demons
 23787 | D:12     | XOM: noise
 23799 | D:12     | XOM: mild Conj miscast
 23889 | D:12     | Got a heavily runed cloak
 23905 | D:12     | Identified the cursed -4 cloak of an ice cave {rC- MR+ Dex+4 Stlth+} (You found it on level 12 of the Dungeon)
 23977 | D:12     | XOM: give mutations
 23977 | D:12     | Lost mutation: You are very robust. (+20% HP) [Xom's mischief]
 23977 | D:12     | Lost mutation: Your spells are a little easier to cast, but a little less powerful. [Xom's mischief]
 23977 | D:12     | Gained mutation: You are clumsy. (Dex -2) [Xom's mischief]
 24201 | D:12     | XOM: summons friendly quasit
 24212 | D:12     | Reached skill level 15 in Axes
 24428 | D:12     | XOM: give mutations
 24428 | D:12     | Lost mutation: You are robust. (+10% HP) [Xom's mischief]
 24428 | D:12     | Lost mutation: Your mind is acute. (Int +2) [Xom's mischief]
 24428 | D:12     | Gained mutation: You expend magic power (3 MP) to strengthen your wands. [Xom's mischief]
 24428 | D:12     | Gained mutation: You are very clumsy. (Dex -4) [Xom's mischief]
 24429 | D:12     | XOM: blink monster(s)
 24788 | D:13     | XOM is BORED!
 24788 | D:13     | XOM: medium Summ miscast
 24980 | D:13     | XOM: draining
 24981 | D:13     | XOM: mild Summ miscast
 25093 | D:13     | XOM: confusion
 25192 | D:13     | XOM: summons 4 hostile shadow creatures
 25236 | D:13     | XOM: stat loss: -1 Dex (12/13)
 25251 | D:13     | XOM: give mutation
 25251 | D:13     | Lost mutation: You are very clumsy. (Dex -4) [Xom's mischief]
 25277 | D:14     | Noticed Kirke
 25288 | D:14     | XOM: chaos upgrade
 25292 | D:14     | Reached skill level 13 in Fighting
 25295 | D:14     | Found Ypsuli's Magic Scroll Boutique.
 25306 | D:14     | Bought a scroll of identify for 28 gold pieces
 25306 | D:14     | Bought a scroll of teleportation for 42 gold pieces
 25306 | D:14     | Bought a scroll of teleportation for 42 gold pieces
 25306 | D:14     | Bought a scroll of summoning for 133 gold pieces
 25306 | D:14     | Bought a scroll of magic mapping for 49 gold pieces
 25311 | D:14     | Bought a scroll of enchant weapon for 105 gold pieces
 25311 | D:14     | Bought a scroll of enchant weapon for 105 gold pieces
 25311 | D:14     | Bought a scroll of enchant armour for 105 gold pieces
 25311 | D:14     | Bought a scroll of recharging for 133 gold pieces
 25331 | D:14     | Noticed Nessos
 25342 | D:14     | Killed Nessos
 25401 | D:14     | Killed Kirke
 25447 | D:14     | Found a frozen archway.
 25498 | IceCv    | Entered an ice cave
 25679 | IceCv    | XOM: summons friendly white imp
 25807 | IceCv    | XOM: harmless Tmut miscast
 25809 | IceCv    | Reached skill level 14 in Fighting
 25851 | IceCv    | Noticed a frost giant
 25877 | IceCv    | Killed a frost giant
 25877 | IceCv    | XOM: harmless Erth miscast
 25918 | IceCv    | Gained mutation: Scrolls take you a little longer to read. [potion of mutation]
 25918 | IceCv    | Lost mutation: Scrolls take you a little longer to read. [potion of mutation]
 25953 | IceCv    | Got a warped arbalest
 26046 | IceCv    | XOM: swap monsters
 26197 | D:14     | XOM: swap monsters
 26218 | D:14     | Found Ihorr's Distillery.
 26240 | D:14     | Found Bumos's Food Shoppe.
 26263 | D:14     | Bought a potion of agility for 52 gold pieces
 26263 | D:14     | Bought a potion of might for 52 gold pieces
 26263 | D:14     | Bought a potion of heal wounds for 65 gold pieces
 26263 | D:14     | Bought a potion of heal wounds for 65 gold pieces
 26263 | D:14     | Bought a potion of haste for 130 gold pieces
 26263 | D:14     | Bought a potion of heal wounds for 65 gold pieces
 26263 | D:14     | Bought a potion of haste for 130 gold pieces
 26317 | D:14     | Noticed Rupert
 26457 | D:14     | XOM: potion effect (brilliance)
 26592 | D:14     | Found a gate to the Vaults.
 26599 | D:14     | XOM: mild Summ miscast
 26600 | D:14     | XOM: harmless Ice miscast
 26617 | D:14     | Killed Rupert
 26777 | D:14     | Found Ugeteq's Food Emporium.
 26863 | D:14     | Reached skill level 15 in Fighting
 27010 | D:14     | Reached skill level 6 in Dodging
 27058 | D:14     | XOM: mild Fire miscast
 27337 | D:14     | Got a transparent flail {freeze}
 27476 | D:14     | XOM: polymorph cyan ugly thing -> fire dragon
 27482 | D:14     | Reached skill level 7 in Dodging
 27482 | D:14     | Reached XP level 15. HP: 114/129 MP: 18/18
 27513 | D:14     | XOM: harmless Ice miscast
 27618 | D:15     | Entered Level 15 of the Dungeon
 27629 | D:15     | XOM: enchant monster (good)
 27651 | D:15     | XOM: harmless Conj miscast
 27655 | D:15     | Reached skill level 8 in Dodging
 27952 | D:15     | XOM: god gift: 18 gold pieces
 28109 | D:15     | Found Gets's Demolitions Depot.
 28137 | D:15     | Reached skill level 9 in Dodging
 28140 | D:15     | Found a staircase to the Depths.
 28293 | D:15     | Learned a level 2 spell: Blink
 28296 | D:15     | Learned a level 2 spell: Repel Missiles
 28415 | D:15     | XOM: noise
 28569 | D:15     | XOM: stat loss: -1 Int (18/19)
 28644 | D:15     | Reached skill level 10 in Dodging
 28662 | D:15     | XOM: mild Necr miscast
 28834 | D:15     | XOM: confusion
 28841 | D:15     | Reached skill level 1 in Charms
 28844 | D:15     | Reached skill level 2 in Charms
 29071 | D:13     | XOM: silly message
 29133 | Orc:1    | Entered Level 1 of the Orcish Mines
 29163 | Orc:1    | Reached skill level 3 in Charms
 29265 | Orc:1    | XOM: cloud trail
 29512 | Orc:2    | Entered Level 2 of the Orcish Mines
 29527 | Orc:2    | Reached skill level 4 in Charms
 29533 | Orc:2    | XOM: destruction
 29570 | Orc:2    | XOM: fog
 29572 | Orc:2    | XOM: destruction
 29575 | Orc:2    | Reached skill level 5 in Charms
 29739 | Orc:2    | Reached skill level 6 in Charms
 29787 | Orc:2    | XOM: destruction
 29815 | Orc:2    | XOM: give mutations
 29815 | Orc:2    | Gained mutation: You have a pair of small horns on your head. [Xom's grace]
 29815 | Orc:2    | Gained mutation: Your muscles are strong. (Str +2) [Xom's grace]
 29815 | Orc:2    | Gained mutation: Your system is resistant to poisons. (rPois) [Xom's grace]
 29815 | Orc:2    | Gained mutation: You have a pair of horns on your head. [Xom's grace]
 29927 | Orc:2    | XOM: cloud trail
 29948 | Orc:2    | Noticed Maurice
 29998 | Orc:2    | XOM: scenery: create altars
 29999 | Orc:2    | Found a staircase to the Elven Halls.
 30010 | Orc:2    | XOM: scenery: create altars
 30065 | Orc:2    | Killed Maurice
 30073 | Orc:2    | XOM: summons 2 friendly demons
 30137 | Orc:2    | XOM: god gift: 2 potions of curing
 30153 | Orc:2    | Reached skill level 7 in Charms
 30154 | Orc:2    | Found a roughly hewn altar of Beogh.
 30154 | Orc:2    | XOM: summons 2 friendly demons
 30155 | Orc:2    | XOM: polymorph red devil -> ice devil
 30164 | Orc:2    | Reached skill level 2 in Air Magic
 30196 | Orc:2    | XOM: fog
 30205 | Orc:2    | Reached skill level 3 in Air Magic
 30206 | Orc:2    | Found Daecek's Magic Scroll Boutique.
 30206 | Orc:2    | XOM: polymorph orc priest -> adder
 30230 | Orc:2    | Bought a scroll of brand weapon for 340 gold pieces
 30299 | Orc:2    | Reached skill level 4 in Air Magic
 30300 | Orc:2    | Found Faetit's Assorted Antiques.
 30319 | Orc:2    | Bought a scroll labeled VIOCIT TEVAS for 20 gold pieces
 30360 | Orc:2    | XOM: summons friendly white imp
 30368 | Orc:2    | Reached skill level 5 in Air Magic
 30396 | Orc:2    | XOM: give mutations
 30396 | Orc:2    | Gained mutation: Your natural rate of healing is unusually fast. [Xom's mischief]
 30396 | Orc:2    | Lost mutation: You expend magic power (3 MP) to strengthen your wands. [Xom's mischief]
 30396 | Orc:2    | Lost mutation: You have a pair of horns on your head. [Xom's mischief]
 30396 | Orc:2    | Lost mutation: You are clumsy. (Dex -2) [Xom's mischief]
 30411 | Orc:2    | Bought a scroll of identify for 34 gold pieces
 30424 | Orc:2    | Bought a scroll of identify for 34 gold pieces
 30475 | Orc:2    | Noticed shpingle's ghost (adept CyWn)
 30484 | Orc:2    | XOM: confuse monster(s)
 30487 | Orc:2    | Banished shpingle's ghost
 30534 | Orc:2    | Found a roughly hewn altar of Beogh.
 30537 | Orc:2    | Found Eddem's Antique Weapon Boutique.
 30554 | Orc:2    | Found Erielu Saeti's Antique Armour Shop.
 30630 | Orc:2    | XOM: enchant monster (good)
 30634 | Orc:2    | Reached skill level 6 in Air Magic
 30715 | Orc:2    | Reached skill level 7 in Air Magic
 30983 | Orc:2    | Reached skill level 1 in Spellcasting
 31177 | Orc:2    | XOM: god gift: 47 gold pieces
 31269 | Orc:2    | Bought a scroll of enchant weapon for 150 gold pieces
 31456 | Spider:1 | Entered Level 1 of the Spider Nest
 31466 | Spider:1 | Noticed Nikola
 31469 | Spider:1 | XOM: enchant monster (good)
 31477 | Spider:1 | Reached skill level 2 in Spellcasting
 31478 | Spider:1 | Killed Nikola
 31478 | Spider:1 | Reached skill level 4 in Spellcasting
 31479 | Spider:1 | XOM: god gift: 2 tomahawks of returning
 31537 | Spider:1 | Reached skill level 5 in Spellcasting
 31541 | Spider:1 | XOM: summons 9 friendly demons
 31557 | Spider:1 | XOM: enchant monster (bad)
 31571 | Spider:1 | Reached skill level 6 in Spellcasting
 31714 | Spider:1 | XOM: scenery: create altars
 31731 | Spider:1 | Reached skill level 7 in Spellcasting
 31747 | Spider:1 | Reached XP level 16. HP: 136/136 MP: 26/26
 31866 | Spider:1 | XOM: scenery: create altars
 31936 | Spider:1 | XOM: summons 13 friendly demons
 32101 | Spider:2 | Reached skill level 8 in Charms
 32118 | Spider:2 | XOM: polymorph orb spider -> unseen horror
 32173 | Spider:2 | XOM: potion effect (brilliance)
 32176 | Spider:2 | XOM: mild Air miscast
 32193 | Spider:2 | XOM: summons friendly shadow imp
 32194 | Spider:2 | Reached skill level 9 in Charms
 32215 | Spider:2 | XOM: summons friendly shadow imp
 32217 | Spider:2 | XOM: enchant monster (good)
 32307 | Spider:2 | Learned a level 6 spell: Shadow Creatures
 32313 | Spider:2 | Learned a level 5 spell: Silence
 32320 | Spider:2 | Learned a level 6 spell: Darkness
 32572 | Spider:3 | XOM: cast spell 'Summon Ice Beast'
 32576 | Spider:3 | XOM: confuse monster(s)
 32588 | Spider:3 | XOM: enchant monster (good)
 32605 | Spider:3 | Reached skill level 10 in Charms
 32626 | Spider:3 | XOM: noise
 33116 | Spider:4 | Entered Level 4 of the Spider Nest
 33124 | Spider:4 | XOM: noise
 33125 | Spider:4 | XOM: summons friendly shadow imp
 33127 | Spider:4 | XOM: fog
 33186 | Spider:4 | XOM: scenery: create altars
 33334 | Spider:4 | Reached skill level 11 in Charms
 33334 | Spider:4 | XOM: fog
 33425 | Spider:4 | XOM: confuse monster(s)
 33517 | Spider:4 | XOM: fog
 33531 | Spider:4 | XOM: give mutations
 33531 | Spider:4 | Gained mutation: You are covered in fur. (AC +1) [Xom's grace]
 33531 | Spider:4 | Gained mutation: Your muscles are very strong. (Str +4) [Xom's grace]
 33531 | Spider:4 | Gained mutation: Your flesh is cold resistant. (rC+) [Xom's grace]
 33541 | Spider:4 | XOM: god gift: potion of beneficial mutation
 33550 | Spider:4 | Gained mutation: You are robust. (+10% HP) [potion of beneficial mutation]
 33553 | Spider:4 | XOM: destruction
 33564 | Spider:4 | XOM: confuse monster(s)
 33574 | Spider:4 | XOM: summons friendly shadow imp
 33615 | Spider:4 | XOM: enchant monster (good)
 33629 | Spider:4 | Reached skill level 12 in Charms
 33735 | Spider:4 | XOM: summons friendly shadow imp
 33740 | Spider:4 | Reached skill level 8 in Air Magic
 33781 | Spider:4 | XOM: divination: magic mapping
 33789 | Spider:4 | Got a gossamer rune of Zot
 33847 | Spider:4 | XOM: harmless Fire miscast
 33870 | Spider:4 | XOM: cast spell 'Summon Small Mammal'
 33953 | Spider:4 | XOM: potion effect (might)
 33973 | Spider:4 | XOM: silly message
 33979 | Spider:4 | XOM: potion effect (might)
 33995 | Spider:4 | Reached skill level 9 in Air Magic
 34248 | Spider:4 | XOM: chaos cloud
 34368 | Swamp:1  | Entered Level 1 of the Swamp
 34418 | Swamp:1  | Reached skill level 10 in Air Magic
 34690 | Swamp:1  | XOM: harmless Conj miscast
 34742 | Swamp:1  | XOM: enchant monster (good)
 35123 | Swamp:2  | Reached skill level 11 in Shields
 35123 | Swamp:2  | Reached XP level 17. HP: 105/156 MP: 27/27
 35403 | Swamp:2  | You fall through a shaft!
 35444 | Swamp:3  | Noticed removeelyvilon's ghost (adept CyTm)
 35448 | Swamp:3  | XOM: cast spell 'Summon Ice Beast'
 35457 | Swamp:3  | XOM: harmless Tmut miscast
 35472 | Swamp:3  | Killed removeelyvilon's ghost
 35534 | Swamp:3  | Reached skill level 12 in Shields
 35727 | Swamp:3  | XOM: cast spell 'Chain of Chaos'
 35738 | Swamp:3  | XOM: 1-stop teleportation journey
 35859 | Swamp:3  | XOM: stat loss: -1 Dex (17/18)
 35909 | Swamp:3  | XOM: god gift: 20 sling bullets
 35995 | Swamp:3  | XOM: scenery: create altars
 36079 | Swamp:3  | Identified a scroll of acquirement
 36143 | Swamp:3  | Gained mutation: Your body sometimes deteriorates upon taking damage. [mutagenic glow]
 36220 | Swamp:3  | XOM: polymorph spiny frog -> eye of draining
 36321 | Swamp:4  | Entered Level 4 of the Swamp
 36379 | Swamp:4  | XOM: cleaving
 36423 | Swamp:4  | XOM: 3-stop teleportation journey
 36445 | Swamp:4  | XOM: god gift: 18 stones
 36585 | Swamp:4  | XOM: swap monsters
 36627 | Swamp:4  | Reached skill level 13 in Shields
 36660 | Swamp:4  | XOM: swap monsters
 36774 | Swamp:4  | XOM: polymorph swamp dragon -> eye of devastation
 36785 | Swamp:4  | Noticed the 27-headed Lernaean hydra
 36790 | Swamp:4  | XOM: enchant monster (good)
 36881 | Swamp:4  | XOM: harmless Pois miscast
 37201 | Swamp:4  | XOM: cast spell 'Leda's Liquefaction'
 37224 | Swamp:4  | Killed the 26-headed Lernaean hydra
 37306 | Swamp:4  | Got a decaying rune of Zot
 37628 | Swamp:3  | Reached skill level 14 in Shields
 37915 | Swamp:2  | XOM: repel stairs
 38108 | Swamp:2  | XOM: mild Pois miscast
 38416 | D:14     | XOM: give mutations
 38416 | D:14     | Lost mutation: Your natural rate of healing is unusually fast. [Xom's mischief]
 38416 | D:14     | Lost mutation: You are robust. (+10% HP) [Xom's mischief]
 38416 | D:14     | Lost mutation: You occasionally shout uncontrollably at your foes. [Xom's mischief]
 38416 | D:14     | Gained mutation: You are frail. (-10% HP) [Xom's mischief]
 38432 | Vaults:1 | Entered Level 1 of the Vaults
 38476 | Vaults:1 | XOM: mild Necr miscast
 38477 | Vaults:1 | XOM: harmless Erth miscast
 38844 | Vaults:1 | XOM: chaos upgrade
 38849 | Vaults:1 | XOM: swap monsters
 38883 | Vaults:1 | XOM: mild Divn miscast
 39114 | Vaults:1 | Noticed Asterion
 39123 | Vaults:1 | XOM: noise
 39127 | Vaults:1 | Killed Asterion
 39266 | Vaults:1 | XOM: summons friendly ufetubus
 39271 | Vaults:1 | Reached skill level 15 in Shields
 39403 | Vaults:1 | XOM: noise
 39477 | Vaults:1 | XOM: enchant monster (bad)
 39550 | Vaults:1 | XOM: noise
 39550 | Vaults:1 | Reached XP level 18. HP: 133/133 MP: 28/28
 39628 | Vaults:1 | Reached skill level 11 in Armour
 39826 | Vaults:1 | XOM: summons 2 hostile shadow creatures
 40019 | Vaults:2 | XOM: confusion
 40199 | Vaults:2 | XOM: enchant monster (bad)
 40351 | Vaults:2 | Found a staircase to the Crypt.
 40391 | Vaults:2 | Reached skill level 12 in Armour
 40449 | Vaults:2 | XOM: scenery: 2 doors open, 1 doors close
 40450 | Vaults:2 | XOM: potion effect (berserk rage)
 40479 | Vaults:2 | Got a scintillating lapis lazuli ring
 40487 | Vaults:2 | Noticed fernweh's ghost (adept CyFi)
 40498 | Vaults:2 | XOM: potion effect (curing)
 40552 | Vaults:2 | Identified the ring of the Seven Scars {Wiz rF+ MP+9 Str+2 Slay-5} (You took it off an ogre mage on level 2 of the Vaults)
 40573 | Vaults:2 | XOM: harmless Divn miscast
 40593 | Vaults:2 | Killed fernweh's ghost
 40666 | Vaults:2 | Reached skill level 13 in Armour
 41279 | Vaults:2 | XOM: god gift: glowing war axe {god gift}
 41293 | Vaults:2 | Noticed Jory
 41312 | Vaults:2 | Killed Jory
 41330 | Vaults:2 | XOM: summons 5 friendly demons
 41331 | Vaults:2 | XOM: god gift: scroll of fog
 41334 | Vaults:2 | Reached skill level 14 in Armour
 41363 | Vaults:2 | XOM is BORED!
 41363 | Vaults:2 | XOM: summons 1 hostile shadow creature
 41493 | Vaults:3 | XOM: swap monsters
 41503 | Vaults:3 | XOM: mild Ice miscast
 41533 | Vaults:3 | XOM: harmless Conj miscast
 41546 | Vaults:3 | XOM: divination: detect items
 41547 | Vaults:3 | XOM: silly message
 41686 | Vaults:3 | XOM: god gift: 53 gold pieces
 41799 | Vaults:3 | Found Joej's Antique Armour Shop.
 41805 | Vaults:3 | Bought a faintly humming ring mail for 270 gold pieces
 41805 | Vaults:3 | Bought a warped ring mail for 270 gold pieces
 41805 | Vaults:3 | Bought an embroidered cloak for 315 gold pieces
 41805 | Vaults:3 | Bought a glowing shield for 315 gold pieces
 41886 | Vaults:3 | Identified the cursed +0 ring mail of Context {rPois rCorr} (You bought it in a shop on level 3 of the Vaults)
 41890 | Vaults:3 | Identified the +2 ring mail of Protective Custody {rElec rF+ rC+} (You bought it in a shop on level 3 of the Vaults)
 41922 | Vaults:3 | Gained mutation: Your spells are a little harder to cast, but a little more powerful. [potion of beneficial mutation]
 41956 | Vaults:3 | Reached skill level 15 in Armour
 42030 | Vaults:3 | Reached XP level 19. HP: 124/139 MP: 29/29
 42052 | Vaults:3 | XOM: smoke on damage
 42340 | Vaults:3 | XOM: cleaving
 42345 | Vaults:3 | XOM: harmless Hex miscast
 42458 | Vaults:3 | Found a blossoming altar of Fedhas.
 42466 | Vaults:3 | XOM: harmless Conj miscast
 42820 | Vaults:3 | XOM: enchant monster (good)
 43228 | Vaults:3 | XOM: give mutations
 43228 | Vaults:3 | Lost mutation: You are frail. (-10% HP) [Xom's mischief]
 43228 | Vaults:3 | Lost mutation: You have a pair of small horns on your head. [Xom's mischief]
 43228 | Vaults:3 | Lost mutation: You are extremely resistant to the effects of hostile enchantments. (MR+++) [Xom's mischief]
 43343 | Vaults:4 | XOM: stealth player
 43478 | Vaults:4 | XOM: summons friendly shadow imp
 43483 | Vaults:4 | Reached skill level 16 in Armour
 43537 | Vaults:4 | XOM: fog
 43540 | Vaults:4 | XOM: harmless Necr miscast
 43559 | Vaults:4 | XOM: scenery: 2 doors open
 43594 | Vaults:4 | XOM: god gift: club {god gift}
 43603 | Vaults:4 | XOM: mild Tloc miscast
 43879 | Vaults:4 | Reached skill level 11 in Dodging
 43907 | Vaults:4 | XOM: draining
 44002 | Vaults:4 | XOM: give mutations
 44002 | Vaults:4 | Gained mutation: Your flesh is very cold resistant. (rC++) [Xom's grace]
 44002 | Vaults:4 | Gained mutation: Your mind is acute. (Int +2) [Xom's grace]
 44002 | Vaults:4 | Gained mutation: You are covered in thick fur. (AC +2) [Xom's grace]
 44002 | Vaults:4 | Gained mutation: You are partially covered in icy blue scales. (AC +2) [Xom's grace]
 44088 | Vaults:4 | XOM: mild Pois miscast
 44108 | Vaults:4 | XOM: swap monsters
 44109 | Vaults:4 | XOM: blink monster(s)
 44191 | Vaults:4 | XOM: 2-stop teleportation journey
 44214 | Vaults:4 | XOM: harmless Summ miscast
 44292 | Vaults:4 | XOM: confusion
 44500 | Vaults:4 | Reached skill level 12 in Dodging
 44772 | Vaults:4 | XOM: torment (79/155 hp)
 45045 | Vaults:5 | Entered Level 5 of the Vaults
 45080 | Vaults:4 | XOM: swap monsters
 45110 | Vaults:4 | XOM is BORED!
 45110 | Vaults:4 | XOM: give mutations
 45110 | Vaults:4 | Lost mutation: You are partially covered in slimy green scales. (AC +2) [Xom's mischief]
 45110 | Vaults:4 | Lost mutation: Your system is resistant to poisons. (rPois) [Xom's mischief]
 45159 | Vaults:4 | XOM: blink monster(s)
 45162 | Vaults:4 | XOM: fog
 45170 | Vaults:4 | Reached skill level 13 in Dodging
 45249 | Vaults:4 | XOM: summons 1 hostile demon
 45312 | Vaults:4 | XOM: chaos cloud
 45483 | Vaults:5 | XOM: enchant monster (good)
 45490 | Vaults:5 | Reached XP level 20. HP: 134/162 MP: 30/30
 45502 | Vaults:5 | XOM: smoke on damage
 45540 | Vaults:5 | Noticed Margery
 45588 | Vaults:5 | Reached skill level 14 in Dodging
 45591 | Vaults:5 | Killed Margery
 45658 | Vaults:5 | XOM: summons friendly iron imp
 45728 | Vaults:5 | XOM: cast spell 'Summon Dragon'
 46058 | Vaults:5 | Noticed a golden dragon
 46077 | Vaults:4 | XOM: scenery: create altars
 46079 | Vaults:4 | Killed a golden dragon
 46079 | Vaults:4 | Reached skill level 15 in Dodging
 46352 | Vaults:5 | Got a clouded ruby amulet
 46362 | Vaults:5 | XOM: 2-stop teleportation journey
 46474 | Vaults:5 | Identified the amulet "Yheusm" {Gourm rElec rF+ Str+4} (You took it off a vault warden on level 5 of the Vaults)
 46587 | Vaults:5 | XOM: confuse monster(s)
 46588 | Vaults:5 | XOM: blink monster(s)
 46685 | Vaults:5 | XOM: mild Hex miscast
 46687 | Vaults:5 | XOM: enchant monster (bad)
 46688 | Vaults:5 | XOM: polymorph tentacled monstrosity -> hellephant
 46695 | Vaults:5 | XOM: harmless Air miscast
 46700 | Vaults:5 | XOM: enchant monster (bad)
 46701 | Vaults:5 | XOM: polymorph hellephant -> doom hound
 46781 | Vaults:5 | XOM: noise
 46790 | Vaults:5 | XOM: medium Conj miscast
 47066 | Vaults:5 | Got a slimy chain mail
 47083 | Vaults:5 | Identified the +6 chain mail "Cexaot" {Dex+3 SInv} (You found it on level 5 of the Vaults)
 47211 | Vaults:5 | XOM: smoke on damage
 47219 | Vaults:5 | Noticed an ancient lich
 47220 | Vaults:5 | Reached skill level 16 in Fighting
 47221 | Vaults:5 | XOM: noise
 47223 | Vaults:5 | Noticed a golden dragon
 47661 | Vaults:4 | XOM: noise
 47680 | Vaults:4 | XOM: cast spell 'Necromutation'
 47869 | Vaults:5 | Killed a golden dragon
 47877 | Vaults:5 | XOM: cleaving
 47879 | Vaults:5 | XOM: destruction
 47884 | Vaults:5 | XOM: 4-stop teleportation journey
 48087 | Vaults:5 | XOM: summons friendly red devil
 48229 | Vaults:5 | XOM: summons 2 friendly demons
 48488 | Vaults:5 | XOM: cloud trail
 48645 | Vaults:5 | XOM: summons 5 friendly demons
 48683 | Vaults:5 | Reached XP level 21. HP: 155/173 MP: 31/31
 48876 | Vaults:5 | XOM: fog
 48985 | Vaults:5 | XOM: confuse monster(s)
 49015 | Vaults:5 | XOM: give mutations
 49015 | Vaults:5 | Gained mutation: You have sharp fingernails. [Xom's grace]
 49015 | Vaults:5 | Gained mutation: Your flesh is heat resistant. (rF+) [Xom's grace]
 49015 | Vaults:5 | Gained mutation: Your system is resistant to poisons. (rPois) [Xom's grace]
 49015 | Vaults:5 | Gained mutation: You have a pair of small horns on your head. [Xom's grace]
 49044 | Vaults:5 | Reached skill level 17 in Fighting
 49214 | Vaults:5 | XOM: cast spell 'Summon Mana Viper'
 49225 | Vaults:5 | Killed an ancient lich
 49228 | Vaults:5 | XOM: fake destruction
 49320 | Vaults:5 | Got a silver rune of Zot
 49341 | Vaults:5 | Learned a level 1 spell: Apportation
 49343 | Vaults:5 | Learned a level 1 spell: Animate Skeleton
 49395 | Vaults:5 | XOM: cloud trail
 49661 | Depths:1 | Entered Level 1 of the Depths
 49722 | Depths:1 | XOM: scenery: create altars
 49727 | Depths:1 | XOM: fake destruction
 49806 | Depths:1 | Found a one-way gate leading to the halls of Pandemonium.
 49857 | Depths:1 | XOM: 1-stop teleportation journey
 49920 | Depths:1 | Found a gateway to a ziggurat.
 49985 | Depths:1 | Found a gateway to Hell.
 50008 | Depths:1 | XOM: fog
 50053 | Depths:1 | XOM: fog
 50549 | Depths:1 | XOM: cloud trail
 50626 | Depths:2 | XOM: polymorph brown ugly thing -> great orb of eyes
 50632 | Depths:2 | XOM: potion effect (curing)
 50643 | Depths:2 | Reached skill level 16 in Axes
 50879 | Depths:2 | Found a portal to a secret trove of treasure.
 50897 | Depths:2 | Noticed kazak's ghost (veteran CyBe)
 50910 | Depths:2 | XOM: blink monster(s)
 50920 | Depths:2 | Killed kazak's ghost
 50961 | Depths:2 | XOM: swap monsters
 50965 | Depths:2 | Found a burning altar of Makhleb.
 51087 | Depths:2 | XOM: enchant monster (bad)
 51175 | Depths:2 | Found a blossoming altar of Fedhas.
 51801 | Depths:2 | Noticed a juggernaut
 51810 | Depths:2 | XOM: butterfly on damage
 51813 | Depths:2 | XOM: cleaving
 51816 | Depths:2 | Killed a juggernaut
 51816 | Depths:2 | Reached skill level 17 in Axes
 51820 | Depths:2 | XOM: cleaving
 52112 | Depths:2 | Gained mutation: You have an uncanny sense of smell. [Cyno growth]
 52112 | Depths:2 | Reached XP level 22. HP: 170/182 MP: 32/32
 52342 | Depths:2 | XOM: silly message
 52437 | Depths:3 | XOM: repel stairs
 52482 | Depths:3 | XOM: 4-stop teleportation journey
 52507 | Depths:3 | Found Seijod's Jewellery Boutique.
 52509 | Depths:3 | XOM: 7-stop teleportation journey
 52511 | Depths:3 | XOM: polymorph deep elf annihilator -> death yak
 52577 | Depths:3 | Noticed a caustic shrike
 52578 | Depths:3 | Noticed a caustic shrike
 52579 | Depths:3 | Noticed a caustic shrike
 52584 | Depths:3 | Killed a caustic shrike
 52587 | Depths:3 | Killed a caustic shrike
 52629 | Depths:3 | XOM: god gift: wand of confusion (?/48) {god gift}
 52634 | Depths:3 | XOM: polymorph slime creature -> merfolk
 52638 | Depths:3 | Paralysed by a floating eye for 3 turns
 52643 | Depths:3 | XOM: scenery: create altars
 52647 | Depths:3 | XOM: polymorph enormous slime creature -> faun
 52661 | Depths:3 | XOM: scenery: 1 doors open
 52679 | Depths:3 | Noticed Xtahua
 52683 | Depths:3 | XOM: summons friendly ufetubus
 52714 | Depths:2 | XOM: give mutations
 52714 | Depths:2 | Gained mutation: You have large cloven feet. [Xom's grace]
 52714 | Depths:2 | Gained mutation: You have a beak for a mouth. [Xom's grace]
 52714 | Depths:2 | Gained mutation: You are partially covered in slimy green scales. (AC +2) [Xom's grace]
 52862 | Depths:2 | XOM: god gift: meat ration
 52946 | Depths:3 | Reached skill level 18 in Axes
 52979 | Depths:3 | XOM: cleaving
 53188 | Depths:3 | XOM: noise
 53272 | Depths:3 | XOM: cloud trail
 53305 | Depths:3 | XOM: divination: detect items
 53317 | Depths:3 | XOM: mild Ice miscast
 53322 | Depths:3 | Paralysed by a floating eye for 4 turns
 53485 | Depths:3 | XOM: polymorph yaktaur captain -> catoblepas
 53523 | Depths:3 | XOM: harmless Divn miscast
 53601 | Depths:3 | XOM: chaos upgrade
 53602 | Depths:3 | XOM: blink monster(s)
 53655 | Depths:3 | Gained mutation: You have an increased reservoir of magic. (+10% MP) [potion of beneficial mutation]
 53698 | Depths:3 | XOM: silly message
 53747 | Depths:3 | XOM: fog
 54011 | Depths:3 | XOM: summons friendly crimson imp
 54033 | Depths:3 | Noticed a caustic shrike
 54034 | Depths:3 | Noticed a caustic shrike
 54041 | Depths:3 | Killed a caustic shrike
 54044 | Depths:3 | Killed a caustic shrike
 54187 | Depths:3 | Reached skill level 19 in Axes
 54188 | Depths:3 | Noticed a caustic shrike
 54194 | Depths:3 | Killed a caustic shrike
 54211 | Depths:3 | Noticed a caustic shrike
 54361 | Depths:3 | XOM: 1-stop teleportation journey
 54392 | Depths:3 | Killed a caustic shrike
 54405 | Depths:3 | XOM: 5-stop teleportation journey
 54679 | Depths:2 | XOM: scenery: create altars
 54799 | Depths:3 | XOM: god gift: 7 poisoned javelins
 54816 | Depths:3 | Noticed a caustic shrike
 54829 | Depths:3 | Killed a caustic shrike
 55292 | Depths:5 | Entered Level 5 of the Depths
 55431 | Depths:5 | Reached XP level 23. HP: 188/188 MP: 36/36
 55435 | Depths:5 | XOM: 1-stop teleportation journey
 55492 | Depths:5 | XOM: confuse monster(s)
 55510 | Depths:5 | XOM: cast spell 'Summon Ice Beast'
 55511 | Depths:5 | XOM: harmless Necr miscast
 55522 | Depths:5 | XOM: potion effect (haste)
 55550 | Depths:5 | Found a gate to the Realm of Zot.
 55563 | Depths:5 | Got a smoking ring mail
 55564 | Depths:5 | Identified the +0 ring mail of the Wild Haggis {-Cast Dex+5} (You found it on level 5 of the Depths)
 55848 | Depths:5 | Reached skill level 20 in Axes
 55863 | Depths:5 | XOM: god gift: 32 gold pieces
 56219 | Depths:5 | XOM: divination: detect creatures
 56221 | Depths:5 | XOM: confuse monster(s)
 56253 | Depths:5 | XOM: potion effect (curing)
 56514 | Depths:4 | Noticed Jorgrun
 56516 | Depths:4 | XOM: confuse monster(s)
 56520 | Depths:4 | XOM: cleaving
 56527 | Depths:4 | XOM: confuse monster(s)
 56537 | Depths:4 | XOM: summons friendly white imp
 56540 | Depths:4 | Killed Jorgrun
 56803 | Depths:4 | XOM: cleaving
 56946 | Depths:4 | Reached skill level 18 in Fighting
 57133 | Depths:4 | Learned a level 2 spell: Swiftness
 57139 | Depths:4 | Learned a level 1 spell: Summon Butterflies
 57161 | Depths:4 | XOM: harmless Fire miscast
 57317 | Depths:4 | XOM: scenery: create altars
 57328 | Depths:4 | Found a one-way gate to the infinite horrors of the Abyss.
 57340 | Depths:4 | Got a sparkling bronze ring
 57345 | Depths:4 | Identified the ring of the Two Names {MR+ Str+4 Dex+3 Stlth+} (You found it on level 4 of the Depths)
 57531 | Depths:4 | XOM: swap monsters
 57533 | Depths:4 | XOM: scenery: create altars
 57797 | Depths:4 | XOM: summons 2 friendly demons
 57978 | Zot:1    | Entered Level 1 of the Realm of Zot
 58200 | Zot:1    | XOM: cloud trail
 58338 | Zot:3    | XOM: summons 16 friendly demons
 58346 | Zot:3    | Reached skill level 19 in Fighting
 58355 | Zot:3    | XOM: summons 2 friendly demons
 58357 | Zot:3    | XOM: polymorph moth of wrath -> wind drake
 58491 | Zot:4    | XOM: divination: magic mapping
 58493 | Zot:4    | XOM: scenery: create altars
 58502 | Zot:4    | Identified Affec's Compendium of the Feathery Arsonist
 58574 | Zot:5    | Entered Level 5 of the Realm of Zot
 58816 | Zot:5    | XOM: divine lightning
 59223 | Zot:4    | Found a huge runed gate.
 59223 | Zot:4    | Found a huge runed gate.
 59223 | Zot:4    | Found a huge runed gate.
 59223 | Zot:4    | Found a huge runed gate.
 59223 | Zot:4    | Found a huge runed gate.
 59223 | Zot:4    | Found a huge runed gate.
 59223 | Zot:4    | Found a huge runed gate.
 59223 | Zot:4    | Found a huge runed gate.
 59223 | Zot:4    | Found a huge runed gate.
 59223 | Zot:4    | Found a huge runed gate.
 59223 | Zot:4    | Found a huge runed gate.
 59223 | Zot:4    | Found a huge runed gate.
 59223 | Zot:4    | Found a huge runed gate.
 59223 | Zot:4    | Found a huge runed gate.
 59223 | Zot:4    | Found a huge runed gate.
 59223 | Zot:4    | Found a huge runed gate.
 59223 | Zot:4    | Found a huge runed gate.
 59223 | Zot:4    | XOM: 2-stop teleportation journey
 59226 | Zot:4    | Found a huge runed gate.
 59226 | Zot:4    | Found a huge runed gate.
 59226 | Zot:4    | Found a huge runed gate.
 59226 | Zot:4    | Found a huge runed gate.
 59226 | Zot:4    | Found a huge runed gate.
 59336 | Zot:4    | XOM: enchant monster (good)
 59393 | Zot:5    | XOM: summons 7 friendly demons
 59438 | Zot:5    | Reached XP level 24. HP: 156/202 MP: 36/36
 59736 | Zot:5    | XOM: divination: magic mapping
 59793 | Zot:5    | XOM: potion effect (invisibility)
 59854 | Zot:5    | XOM: potion effect (might)
 59902 | Zot:5    | Noticed an ancient lich
 59903 | Zot:5    | Noticed an orb of fire
 59952 | Zot:5    | Noticed an orb of fire
 59954 | Zot:5    | XOM: noise
 59955 | Zot:5    | Noticed an orb of fire
 59961 | Zot:5    | Killed an orb of fire
 59968 | Zot:5    | Noticed an orb of fire
 59968 | Zot:5    | Reached skill level 20 in Fighting
 59969 | Zot:5    | Gained mutation: Armour fits poorly on your strangely shaped body. [an orb of fire]
 59970 | Zot:5    | Killed an orb of fire
 59978 | Zot:5    | Gained mutation: Your body often deteriorates upon taking damage. [an orb of fire]
 59980 | Zot:5    | Lost mutation: You have an increased reservoir of magic. (+10% MP) [an orb of fire]
 59982 | Zot:5    | Killed an orb of fire
 59982 | Zot:5    | Gained mutation: Your magical capacity is low. (-10% MP) [an orb of fire]
 59983 | Zot:5    | Gained mutation: You regenerate slowly when monsters are visible. [an orb of fire]
 59986 | Zot:5    | Killed an orb of fire
 59991 | Zot:5    | Noticed an orb of fire
 60004 | Zot:5    | Lost mutation: Your system is resistant to poisons. (rPois) [an orb of fire]
 60011 | Zot:5    | Killed an orb of fire
 60074 | Zot:5    | Noticed an orb of fire
 60106 | Zot:5    | Lost mutation: Your mind is acute. (Int +2) [an orb of fire]
 60119 | Zot:5    | Killed an orb of fire
 60152 | Zot:5    | XOM: harmless Hex miscast
 60414 | Zot:5    | XOM: summons 3 friendly demons
 60465 | Zot:5    | XOM: noise
 60466 | Zot:5    | XOM: divination: detect creatures
 60477 | Zot:5    | XOM: polymorph Killer Klown -> titan
 60518 | Zot:5    | XOM: scenery: create altars
 60523 | Zot:5    | XOM: blink monster(s)
 60526 | Zot:5    | XOM: enchant monster (bad)
 60544 | Zot:5    | Reached skill level 21 in Fighting
 60635 | Zot:5    | XOM: divination: detect creatures
 60745 | Zot:5    | XOM: polymorph purple draconian -> storm dragon
 60761 | Zot:5    | Noticed an orb of fire
 60818 | Zot:5    | Lost mutation: Your spells are a little harder to cast, but a little more powerful. [an orb of fire]
 60822 | Zot:5    | Killed an orb of fire
 60948 | Zot:5    | XOM: destruction
 60959 | Zot:5    | XOM: enchant monster (good)
 60976 | Zot:5    | XOM: fog
 61016 | Zot:5    | HP: 7/208 [Orb Guardian (8)]
 61017 | Zot:5    | Killed from afar by a deathcap

Vault maps used:
D:1:      dpeg_arrival_ratfight
D:2:      minmay_close_crescents
D:3:      nicolae_qazlal_style_of_elements, first_bread, serial_bayou,
          serial_bayou_lagoon_a
D:4:      lemuel_crystal_altar, cheibrodos_ashenzari_chains,
          serial_corexii_hall, corexii_hall_statues_i, corexii_hall_statues_x,
          corexii_hall_statues_s, corexii_hall_statues_i, uniq_blork_the_orc,
          uniq_robin
D:5:      kennysheep_slug_shrine, minmay_temple_entry_hall,
          minmay_item_behind_shaft, hangedman_decor_opposing, minivault_26,
          grunt_gozag_statues
D:6:      regret_index_temple_of_mockery, basic_altar, kennysheep_nondescript,
          uniq_crazy_yiuf_cottage
D:7:      overflow_temple_1_default, uniq_duvessa
D:8:      eat_drink_and_be_merry_uskayaw
D:9:      corexii_shack_village, yredelemnul_altar_generic,
          nicolae_ru_awakened_eye, orc_0_dummy, serial_glass, glass_columns_b,
          glass_columns_c
D:10:     minmay_flawed_box, basic_altar, serial_shops, shop
D:11:     david_lair_shrubbed
D:12:     hangedman_little_slice_of_home, minmay_diamond_spiral
D:13:     hangedman_abyss_or_decor_stabs
D:14:     grunt_vaults_entry_tiered, minmay_misc_feat_four_crosses,
          portal_ice_cave_entry_ice_beasts, serial_shops, shop, shop,
          kennysheep_little_box, shop_statue, bh_circular_ruins, uniq_nessos,
          uniq_kirke, uniq_rupert
D:15:     hangedman_depths_entry_try_elsewhere_first, nicolae_sextant,
          nicolae_blasting_shop
Lair:1:   dragon1_lemuel
Lair:2:   lab_entry_generic, serial_bayou_shore_a
Lair:3:   dummy_spider_entry, serial_bayou_lake_a
Lair:4:   swamp_mist, lemuel_fruit_fields
Lair:5:   kennysheep_catoblepas_arena, infiniplex_staircase_pool_2,
          grunt_megastairs_5
Lair:6:   hangedman_lair_in_review, minmay_slime_entry_oklob_open,
          grunt_megastairs_2
Swamp:1:  hangedman_swamp_diagram
Swamp:2:  evilmike_swamp_ruin_house_6
Swamp:3:  evilmike_swamp_ruin_house_1
Swamp:4:  swamp_old_school
Spider:1: special_room, uniq_nikola
Spider:4: grunt_spider_rune_circles, nicolae_spider_circle_web,
          spiders_nest_spider_trap
Orc:2:    pubby_orc_utopia, uniq_maurice
Vaults:1: hangedman_vaults_variations, vaults_room_grid,
          nicolae_vaults_little_squares_2, ontoclasm_vaults_ring_large,
          nicolae_vaults_alarming, st_hourglassy,
          hangedman_vaults_stretched_pinwheel, vaults_dpeg_encased_lava,
          uniq_asterion
Vaults:2: grunt_vaults_twisty, hangedman_vaults_stretched_pinwheel,
          minmay_crypt_entry_simple_walls, nicolae_vaults_puzzle_piece,
          v_misc_15, nicolae_vaults_little_squares_2,
          nicolae_vaults_network_square, v_pattern_5, hangedman_vaults_pinch,
          vaults_dpeg_diagonal, uniq_jory
Vaults:3: vaults_room_pools, nicolae_vaults_angled_halls,
          nicolae_vaults_stairing_the_circle, nicolae_vaults_theta,
          ontoclasm_vaults_loading_screen, v_misc_14, vaults_dpeg_hooks,
          hangedman_vaults_restitches, nicolae_vaults_hallways_thing,
          hangedman_vaults_capsules, nicolae_vaults_ring_of_whatevers,
          ontoclasm_vaults_shuriken, vaults_room_semicircle,
          nicolae_vaults_big_ls, vaults_room_pools, serial_shops,
          nicolae_shop_temple_entry_statues_fountains, basic_altar
Vaults:4: v_misc_18, v_misc_18, vaults_mumra_minichess,
          nicolae_vaults_three_branches, vaults_room_pools
Vaults:5: serial_shops, uniq_margery
Depths:1: enter_ziggurat_e, grunt_hell_entry_demonic_statue, nrook_mini_vaults,
          pan_entry, kennysheep_generic_room_10
Depths:2: cell_vault, hell_entry, enter_trove_6, minmay_misc_feat_pillars,
          minivault_16, hangedman_feature_mirror
Depths:3: hangedman_grunt_twisty_little_passages, rand_demon_pan_entry_9,
          hell_entry, serial_shops, shop, hangedman_decor_riveting,
          kennysheep_small_circle, uniq_xtahua
Depths:4: radiant_caverns_b_rkd, abyss_entry, hell_entry, uniq_jorgrun
Depths:5: grunt_zot_entry_alcove, grunt_pan_entry_spiral,
          grunt_hell_entry_dis_grunt, nicolae_benzene_ring, grunt_ministairs_14
Zot:4:    door_vault
Lab:      nicolae_lab_dead_adventurers, nicolae_lab_arrow, nicolae_lab_do_over,
          lab_hedge, lab_block, nicolae_lab_t_cross, labyrinth_glass_1,
          nicolae_lab_grate_2, nicolae_lab_garden
IceCv:    ice_cave_caverns_01

Skill      XL: |  1  2  3  4  5  6  7  8  9 10 11 12 13 14 15 16 17 18 19 20 21 22 23 24 |
---------------+-------------------------------------------------------------------------+-----
Unarmed Combat | 5 6 7 9 11 | 11.0
Fighting       | 5 6 7 10 11 12 15 16 17 19 21 | 21.0
Dodging        | 5 7 10 13 15 | 15.0
Armour         | 5 8 10 15 16 | 16.0
Shields        | 1 5 10 11 15 | 15.0
Evocations     | 5 |  5.2
Axes           | 11 14 15 17 19 20 | 20.3
Charms         | 7 12 | 12.0
Air Magic      | 7 10 | 10.0
Spellcasting   | 7 |  7.0

Action                   |  1- 3 |  4- 6 |  7- 9 | 10-12 | 13-15 | 16-18 | 19-21 | 22-24 || total
-------------------------+-------+-------+-------+-------+-------+-------+-------+-------++-------
Melee: Unarmed           |   188 |   268 |   557 |   919 |    28 |       |       |       ||  1960
       Punch             |     6 |    10 |     3 |       |       |       |       |       ||    19
       War axe           |       |       |       |   303 |   245 |       |       |       ||   548
       Broad axe         |       |       |       |       |   931 |  1399 |  1331 |  1249 ||  4910
       Headbutt          |       |       |       |       |    51 |   415 |   220 |   481 ||  1167
       Peck              |       |       |       |       |       |       |       |   349 ||   349
 Fire: Blowgun           |       |       |       |     2 |       |       |       |       ||     2
Throw: Tomahawk          |       |     2 |     2 |       |     1 |     5 |       |       ||    10
 Cast: Repel Missiles    |       |       |       |       |       |     2 |     3 |     1 ||     6
 Abil: Evoke Invisibilit |       |       |       |     2 |       |       |       |       ||     2
Evoke: Wand              |       |     1 |    18 |    21 |     3 |       |       |     2 ||    45
       Box of beasts     |       |       |       |     1 |       |     2 |     1 |       ||     4
  Use: Scroll            |     3 |     7 |     5 |    13 |    15 |    28 |    11 |    29 ||   111
       Potion            |       |     3 |       |    11 |     1 |     5 |    11 |    15 ||    46
 Stab: Confused          |     1 |       |    10 |     5 |     2 |       |     1 |     6 ||    25
       Sleeping          |     1 |       |     2 |     2 |     9 |     7 |     3 |     1 ||    25
       Paralysed         |       |     8 |     5 |       |       |     2 |     3 |     1 ||    19
       Petrified         |       |     4 |       |     8 |     5 |       |       |       ||    17
       Distracted        |       |       |     2 |     1 |     3 |     3 |     3 |     8 ||    20
       Invisible         |       |       |       |     7 |    11 |       |       |       ||    18
       Petrifying        |       |       |       |     2 |       |       |       |       ||     2
  Eat: Chunk             |     4 |    10 |    12 |    16 |    12 |       |       |       ||    54
       Royal jelly       |       |       |     2 |     3 |     2 |     8 |     1 |       ||    16
       Meat ration       |       |       |       |     3 |     3 |     4 |     6 |     7 ||    23
       Fruit             |       |       |       |     5 |       |       |       |       ||     5
       Bread ration      |       |       |       |       |     1 |     2 |     2 |     1 ||     6
Armor: Leather armour    |    64 |    82 |       |   104 |    27 |       |       |       ||   277
       Scale mail        |       |     7 |    13 |       |       |       |       |       ||    20
       Plate armour      |       |     4 |   252 |   355 |    42 |       |       |       ||   653
       Shadow dragon sca |       |       |       |       |   206 |   413 |   280 |   224 ||  1123
       Skin              |       |       |       |       |    21 |       |       |       ||    21
Dodge: Dodged            |    96 |   133 |    32 |   216 |   530 |   724 |   513 |   452 ||  2696
       Deflected         |       |       |       |       |       |     5 |     6 |       ||    11
Block: Other             |     6 |    13 |     2 |       |       |       |       |       ||    21
       Large shield      |       |       |   388 |   733 |   359 |  1836 |  1753 |  1231 ||  6300
       Reflection        |       |       |     7 |    17 |    77 |    53 |    58 |       ||   212
       Shield            |       |       |       |   224 |   532 |       |       |       ||   756
       Buckler           |       |       |       |       |     1 |       |       |       ||     1

Table legend:
 A = Turns spent in this place as a percentage of turns spent in the entire game.
 B = Non-inter-level travel turns spent in this place as a percentage of non-inter-level travel turns spent in the entire game.
 C = Inter-level travel turns spent in this place as a percentage of turns spent in this place.
 D = Turns resting spent in this place as a percentage of non-inter-level travel turns spent in this place.
 E = Turns spent auto-exploring this place as a percentage of non-inter-level travel turns spent in this place.
 F = Non-inter-level travel turns spent in this place divided by the number of levels of this place that you've seen.
                   A       B       C       D       E      F
               +-------+-------+-------+-------+-------+----------------------
         Total | 100.0 | 100.0 |   0.4 |   2.6 |   4.5 | 536.4
       Dungeon |  26.7 |  26.6 |   0.6 |   2.9 |   6.2 | 456.6
          Lair |  12.5 |  12.5 |   0.6 |   3.5 |   4.4 | 535.5
         Swamp |   6.6 |   6.6 |   0.6 |   1.4 |   7.1 | 423.8
   Spider Nest |   6.9 |   6.9 |   0.3 |   1.1 |   5.3 | 445.8
  Orcish Mines |   4.1 |   4.1 |   0.6 |   0.4 |   4.4 | 528.0
        Vaults |  19.1 |  19.2 |   0.2 |   3.4 |   3.0 | 986.2
        Depths |  15.5 |  15.5 |   0.2 |   1.9 |   3.9 | 800.2
           Zot |   5.5 |   5.5 |   0.1 |   4.3 |   0.7 | 282.2
     Labyrinth |   1.2 |   1.2 |   0.0 |   5.7 |   0.0 | 298.0
      Ice Cave |   2.0 |   2.0 |   0.0 |   0.0 |   1.8 | 508.0
               +-------+-------+-------+-------+-------+----------------------

Table legend:
 A = Kills in this place as a percentage of kills in entire the game.
 B = Kills by you in this place as a percentage of kills by you in the entire game.
 C = Kills by friends in this place as a percentage of kills by friends in the entire game.
 D = Other kills in this place as a percentage of other kills in the entire game.
 E = Experience gained in this place as a percentage of experience gained in the entire game.
 F = Experience gained in this place divided by the number of levels of this place that you have seen.
                   A       B       C       D       E      F
               +-------+-------+-------+-------+-------+----------------------
         Total | 100.0 | 100.0 | 100.0 | 100.0 | 100.0 | 28302.5
       Dungeon |  20.8 |  20.5 |   7.0 |  33.9 |   5.3 | 4783.5
          Lair |   7.8 |   8.0 |  11.6 |   1.8 |   3.8 | 8677.3
         Swamp |   7.2 |   7.3 |   0.0 |   7.3 |   5.2 | 17775.8
   Spider Nest |   9.3 |   8.6 |   7.0 |  24.8 |   5.8 | 19652.0
  Orcish Mines |   6.9 |   6.7 |   7.0 |  10.1 |   2.1 | 14441.5
        Vaults |  23.0 |  22.9 |  58.1 |  11.0 |  30.3 | 82192.6
        Depths |  18.5 |  19.4 |   9.3 |   4.6 |  27.9 | 75785.4
           Zot |   4.0 |   4.3 |   0.0 |   0.0 |  18.4 | 50048.0
     Labyrinth |   0.3 |   0.3 |   0.0 |   0.0 |   0.2 | 2474.0
      Ice Cave |   2.2 |   2.0 |   0.0 |   6.4 |   1.0 | 13506.0
               +-------+-------+-------+-------+-------+----------------------
